 Dungeon Crawl Stone Soup version 0.17-a0-1324-ga541562 (webtiles) character file.

1684 nuthulu the Blocker (level 9, -3/55 HPs)
             Began as a Gargoyle Fighter on June 9, 2015.
             Was a Believer of Okawaru.
             Slain by an orc warrior
             ... wielding a +0 morningstar
              (16 damage)
             ... on level 7 of the Dungeon.
             The game lasted 00:13:18 (6596 turns).

nuthulu the Blocker (Gargoyle Fighter)              Turns: 6596, Time: 00:13:18

Health: -3/55      AC: 22    Str: 22    XL:     9   Next: 2%
Magic:  9/9        EV:  5    Int:  9    God:    Okawaru [**....]
Gold:   259        SH: 11    Dex: 10    Spells: 0 memorised, 8 levels left

rFire  . . .     SeeInvis .     a - +1 flail
rCold  . . .     Clarity  .     n - +0 plate armour
rNeg   + . .     SustAt   .     c - +0 shield
rPois  ∞         Gourm    .     r - +0 helmet
rElec  +         Spirit   .     (no cloak)
rCorr  +         Warding  .     (no gloves)
rMut   .         Stasis   .     g - +1 pair of boots
MR     .....                    o - amulet of resist corrosion
Stlth  ..........               (no ring)
                                (no ring)

@: not resistant to hostile enchantments, extremely unstealthy
A: negative energy resistance 1, electricity resistance, unbreathing,
petrification resistance, rot immunity, AC +5
a: Heroism, Renounce Religion


You were on level 7 of the Dungeon.
You worshipped Okawaru.
Okawaru was pleased with you.
You were not hungry.

You visited 1 branch of the dungeon, and saw 7 of its levels.

You collected 259 gold pieces.

Inventory:

Hand weapons
 a - a +1 flail (weapon)
Armour
 b - a +0 scale mail
 c - a +0 shield (worn)
 g - a +1 pair of boots (worn)
 n - a +0 plate armour (worn)
 p - the +4 ring mail of Fievath {+Fly}
   (You found it on level 5 of the Dungeon)

   It lets you fly.
 r - a +0 helmet (worn)
Jewellery
 o - an amulet of resist corrosion (around neck)
Scrolls
 d - a scroll of fog
 f - 2 scrolls of remove curse
 j - a scroll of noise
 k - a scroll of amnesia
 q - a scroll of teleportation
Potions
 m - a potion of curing
Comestibles
 e - 7 bread rations
 h - a royal jelly
 i - 6 fruits
 l - a beef jerky


   Skills:
 + Level 6.1 Fighting
 + Level 5.4 Maces & Flails
 + Level 6.7 Armour
 + Level 0.8 Stealth
 + Level 8.1 Shields


You had 8 spell levels left.
You didn't know any spells.

Dungeon Overview and Level Annotations

Branches:
Dungeon (7/15)             Temple (0/1) D:4

Altars:
Cheibriados
Fedhas
Makhleb
Okawaru
Ru
Sif Muna
Xom

Shops:
D:5 (


Innate Abilities, Weirdness & Mutations

You are resistant to torment.
Your stone body is resilient (AC +5).
You are immune to poison.
You resist negative energy.
You are resistant to electric shocks.
You can survive without breathing.
You are immune to petrification.
You are immune to rotting.


Message History

You hit the orc warrior but do no damage.
You completely miss the orc warrior.
The orc warrior hits you with a morningstar!
* * * LOW HITPOINT WARNING * * *
You hit the orc warrior.
The orc warrior is lightly wounded.
You block the orc warrior's attack.
You hit the orc warrior.
The orc warrior is moderately wounded.
You block the orc warrior's attack.
Your plate armour prevents you from hitting the orc warrior.
The orc warrior is moderately wounded.
The orc warrior completely misses you.
You closely miss the orc warrior.
The orc warrior is moderately wounded.
You block the orc warrior's attack.
You sock the orc warrior!
The orc warrior is severely wounded.
The orc warrior hits you with a morningstar!
You die...

..........##.#..#
...........###### ..
#...........##..##...
###..................
##............#...
.............##
.............##
..............##
.......o@......#
#......).......#
#...............#
......###.........
.....# #########.
..#.. # #. #


You could see an orc warrior.

Vanquished Creatures
  The ghost of Borgoz the Insei, an experienced OpTm (D:5)
  A spriggan (D:7)
  An ice beast (D:6)
  An ogre (D:4)
  A centaur (D:6)
  An orc warrior (D:6)
  3 giant frogs (D:6)
  Blork the orc (D:4)
  A crimson imp (D:5)
  An iguana (D:4)
  2 hounds
  A jelly (D:6)
  3 orc priests
  5 orc wizards
  2 worker ants
  3 hound skeletons
  A gnoll (D:2)
  6 adders
  2 oozes
  An adder skeleton (D:5)
  4 worms
  5 giant geckos
  17 orcs
  A ball python (D:3)
  A bat skeleton (D:5)
  5 giant cockroaches
  8 goblins
  8 hobgoblins
  4 jackals
  9 kobolds
  3 quokkas
  5 bats
  3 giant newts
  7 rats
118 creatures vanquished.

Notes
Turn   | Place    | Note
--------------------------------------------------------------
     0 | D:1      | nuthulu the Gargoyle Fighter began the quest for the Orb.
     0 | D:1      | Reached XP level 1. HP: 14/14 MP: 1/1
   260 | D:1      | Found a snail-covered altar of Cheibriados.
   312 | D:1      | Reached XP level 2. HP: 13/19 MP: 2/2
  1110 | D:2      | Reached XP level 3. HP: 24/24 MP: 3/3
  1656 | D:2      | Reached skill level 4 in Fighting
  1675 | D:2      | Found an iron altar of Okawaru.
  1757 | D:2      | Became a worshipper of Warmaster Okawaru
  1791 | D:2      | Reached XP level 4. HP: 26/29 MP: 4/4
  2389 | D:3      | Found a burning altar of Makhleb.
  2389 | D:3      | Noticed an Executioner
  2639 | D:3      | Reached XP level 5. HP: 34/34 MP: 5/5
  2874 | D:4      | Noticed an ogre
  2886 | D:4      | Killed an ogre
  2886 | D:4      | Reached XP level 6. HP: 10/39 MP: 6/6
  3207 | D:4      | Found a staircase to the Ecumenical Temple.
  3315 | D:4      | Found a sacrificial altar of Ru.
  3344 | D:4      | Noticed Blork the orc
  3351 | D:4      | Found a deep blue altar of Sif Muna.
  3374 | D:4      | Killed Blork the orc
  3374 | D:4      | Acquired Okawaru's first power
  3463 | D:5      | Entered Level 5 of the Dungeon
  3530 | D:5      | Found a shimmering altar of Xom.
  3930 | D:5      | Found a shimmering altar of Xom.
  3974 | D:5      | Found Cuf Xyo's Weapon Emporium.
  4031 | D:5      | Reached skill level 5 in Fighting
  4031 | D:5      | Reached skill level 5 in Shields
  4046 | D:5      | Noticed Borgoz's ghost (experienced OpTm)
  4059 | D:5      | Killed Borgoz's ghost
  4059 | D:5      | Reached skill level 5 in Armour
  4059 | D:5      | Reached XP level 7. HP: 35/44 MP: 7/7
  4188 | D:5      | Found a shimmering altar of Xom.
  4189 | D:5      | Found a shimmering altar of Xom.
  4430 | D:5      | Reached skill level 6 in Shields
  4765 | D:5      | Got a spiked ring mail
  4776 | D:5      | Found a blossoming altar of Fedhas.
  4873 | D:6      | Reached XP level 8. HP: 48/50 MP: 8/8
  5228 | D:6      | Reached skill level 5 in Maces & Flails
  5242 | D:6      | Identified the +4 ring mail of Fievath {+Fly} (You found it on level 5 of the Dungeon)
  5434 | D:6      | Reached skill level 7 in Shields
  6584 | D:7      | Reached skill level 8 in Shields
  6584 | D:7      | Reached XP level 9. HP: 35/55 MP: 9/9
  6596 | D:7      | Slain by an orc warrior

Vault maps used:
D:1:      dpeg_arrival_oval, cheibriados_altar_1
D:2:      minmay_door_path, okawaru_altar_gauntlet_db
D:3:      minmay_crystal_water, kennysheep_nondescript, corner_web_ring,
          makhleb_altar_promises_db
D:4:      hangedman_ru_absence, tgw_sif, first_bread, hangedman_glass_garden,
          bh_walls_and_bars
D:5:      xom_redecorated, serial_shops, shop, minmay_misc_feat_square,
          minmay_stone_trees_medium, fedhas_altar_1
D:7:      nicolae_overflow_crystal_walls, serial_shops, shop, the_bakery,
          st_stairs_10, minmay_misc_feat_iff

Action                   |  1- 3 |  4- 6 |  7- 9 || total
-------------------------+-------+-------+-------++-------
Melee: Flail             |   117 |   189 |   280 ||   586
  Use: Scroll            |     5 |     9 |     1 ||    15
       Potion            |     4 |     6 |     2 ||    12
  Eat: Chunk             |     3 |     8 |     1 ||    12
       Meat ration       |       |       |     1 ||     1
       Bread ration      |       |       |     1 ||     1
